General information
- name: BNet
- type: Ladder team game (AT/RT)
- host: Battle.net
- saver: teelo
map: GolemsInTheMist
- players: 8
- length: 14:20
- speed: Fast
- version: 1.26 W3XP
- replay type: Public
» download(98 KB)
Players
team 1 (loser)

»
teelo (
yellow | 65 APM | 931 actions | 14:20)
3 Blademaster
1 Wind Walk
2 Critical Strike
» actions
| Assign group hotkey | 77 | |
| Basic commands | 46 | |
| Build / train | 42 | |
| Enter build submenu | 20 | |
| Enter hero's abilities submenu | 3 | |
| Give item / drop item | 2 | |
| Right click | 339 | |
| Select / deselect | 102 | |
| Select group hotkey | 246 | |
| Use ability | 54 | |
931 total
» units
| Peon | 11 | |
| Grunt | 9 | |
| Goblin Zeppelin | 1 | |
| Goblin Shredder | 1 | |
| Tauren | 1 | |
23 total
» upgrades
| Berserker Strength | 1 | |
| Armor | 1 | |
| Melee Weapons | 2 | |
| Pillage | 1 | |
| Pulverize | 1 | |
6 total
» buildings
| Orc Burrow | 6 | |
| Altar of Storms | 1 | |
| Voodoo Lounge | 1 | |
| Barracks | 2 | |
| War Mill | 1 | |
| Stronghold | 1 | |
| Watch Tower | 2 | |
| Fortress | 1 | |
| Spirit Lodge | 1 | |
| Great Hall | 1 | |
| Tauren Totem | 3 | |
20 total
» build order
00:20 Orc Burrow
00:38 Altar of Storms
00:53 Voodoo Lounge
01:40 Barracks
01:59 Orc Burrow
02:26 War Mill
03:39 Stronghold
04:41 Watch Tower
04:43 Watch Tower
06:06 Barracks
07:12 Orc Burrow
07:24 Orc Burrow
07:34 Fortress
09:11 Spirit Lodge
09:58 Great Hall
10:23 Tauren Totem
11:22 Tauren Totem
11:23 Tauren Totem
11:34 Orc Burrow
11:38 Orc Burrow
» items
| Healing Salve | 3 | |
| Lesser Clarity Potion | 2 | |
| Scroll of Speed | 1 | |
| Potion of Healing | 1 | |
7 total
YouMadBra (
purple | 46 APM | 660 actions | 14:20)
2 Priestess of the Moon
1 Searing Arrows
1 Trueshot Aura
1 Keeper of the Grove
1 Entangling Roots
» actions
| Assign group hotkey | 26 | |
| Basic commands | 2 | |
| Build / train | 29 | |
| Enter build submenu | 17 | |
| Enter hero's abilities submenu | 3 | |
| Give item / drop item | 2 | |
| Remove unit from queue | 1 | |
| Right click | 344 | |
| Select / deselect | 167 | |
| Select group hotkey | 31 | |
| Use ability | 38 | |
660 total
» units
» upgrades
» buildings
| Ancient of War | 1 | |
| Altar of Elders | 1 | |
| Moon Well | 6 | |
| Tree of Ages | 1 | |
| Tree of Eternity | 1 | |
| Hunter's Hall | 1 | |
| Ancient of Wind | 1 | |
| Chimaera Roost | 3 | |
15 total
» build order
00:21 Ancient of War
00:27 Altar of Elders
00:36 Moon Well
02:14 Moon Well
02:19 Moon Well
03:17 Tree of Ages
06:47 Tree of Eternity
07:30 Hunter's Hall
07:55 Moon Well
08:31 Ancient of Wind
08:58 Moon Well
09:40 Chimaera Roost
09:45 Chimaera Roost
10:42 Moon Well
12:38 Chimaera Roost
afghanlish (
orange | 46 APM | 660 actions | 14:20)
3 Blademaster
2 Wind Walk
1 Critical Strike
» actions
| Basic commands | 8 | |
| Build / train | 28 | |
| Enter build submenu | 27 | |
| Enter hero's abilities submenu | 3 | |
| Right click | 385 | |
| Select / deselect | 159 | |
| Use ability | 50 | |
660 total
» units
| Peon | 10 | |
| Wind Rider | 2 | |
| Troll Batrider | 3 | |
15 total
» upgrades
| Ranged Weapons | 1 | |
| Armor | 1 | |
| Envenomed Spears | 1 | |
3 total
» buildings
| Altar of Storms | 1 | |
| Orc Burrow | 9 | |
| War Mill | 1 | |
| Watch Tower | 9 | |
| Stronghold | 2 | |
| Fortress | 1 | |
| Beastiary | 2 | |
| Voodoo Lounge | 1 | |
| Great Hall | 1 | |
27 total
» build order
00:22 Altar of Storms
00:37 Orc Burrow
01:16 War Mill
01:31 Orc Burrow
02:12 Orc Burrow
02:14 Orc Burrow
03:16 Watch Tower
03:18 Watch Tower
04:08 Stronghold
04:55 Watch Tower
05:12 Watch Tower
06:29 Fortress
06:33 Beastiary
06:35 Beastiary
07:22 Voodoo Lounge
07:28 Orc Burrow
07:43 Orc Burrow
07:45 Orc Burrow
08:30 Watch Tower
08:34 Watch Tower
08:38 Orc Burrow
08:42 Orc Burrow
10:22 Great Hall
10:38 Watch Tower
12:26 Watch Tower
13:57 Stronghold
13:58 Watch Tower
» items
| Healing Salve | 1 | |
| Lesser Clarity Potion | 1 | |
| Orb of Lightning | 1 | |
3 total
GOKU-OWNS-PICOL (
red | 69 APM | 991 actions | 14:20)
3 Blood Mage
2 Flame Strike
1 Siphon Mana
» actions
| Assign group hotkey | 47 | |
| Basic commands | 15 | |
| Build / train | 59 | |
| Enter build submenu | 19 | |
| Enter hero's abilities submenu | 3 | |
| Right click | 352 | |
| Select / deselect | 177 | |
| Select group hotkey | 278 | |
| Use ability | 41 | |
991 total
» units
| Peasant | 10 | |
| Footman | 5 | |
| Goblin Shredder | 9 | |
| Sorceress | 5 | |
| Gryphon Rider | 2 | |
31 total
» upgrades
| Masonry | 3 | |
| Swords | 2 | |
| Armor | 1 | |
| Storm Hammers | 1 | |
| Animal War Training | 1 | |
| Sorceress Training | 2 | |
10 total
» buildings
| Altar of Kings | 1 | |
| Barracks | 1 | |
| Farm | 9 | |
| Scout Tower | 2 | |
| Arcane Tower | 1 | |
| Arcane Vault | 1 | |
| Town Hall | 1 | |
| Lumber Mill | 1 | |
| Keep | 2 | |
| Castle | 3 | |
| Guard Tower | 2 | |
| Gryphon Aviary | 4 | |
| Blacksmith | 1 | |
| Arcane Sanctum | 2 | |
31 total
» build order
00:13 Altar of Kings
00:21 Barracks
00:37 Farm
00:51 Farm
01:34 Farm
01:37 Scout Tower
02:03 Arcane Tower
02:37 Arcane Vault
03:44 Town Hall
03:47 Scout Tower
05:12 Lumber Mill
05:31 Keep
07:53 Castle
07:57 Guard Tower
07:58 Guard Tower
08:04 Gryphon Aviary
08:04 Gryphon Aviary
08:09 Gryphon Aviary
08:12 Gryphon Aviary
08:36 Blacksmith
08:37 Farm
08:38 Farm
08:38 Farm
08:39 Farm
09:42 Arcane Sanctum
10:30 Arcane Sanctum
11:55 Farm
11:55 Farm
» items
| Orb of Lightning | 1 | |
| Scroll of Town Portal | 1 | |
| Potion of Mana | 1 | |
| Lesser Clarity Potion | 1 | |
4 total
team 2 (winner)
thegenesimmon (
green | 37 APM | 537 actions | 14:20)
3 Mountain King
2 Storm Bolt
1 Bash
1 Archmage
1 Blizzard
» actions
| Basic commands | 29 | |
| Build / train | 39 | |
| Enter build submenu | 20 | |
| Enter hero's abilities submenu | 4 | |
| Right click | 229 | |
| Select / deselect | 190 | |
| Use ability | 26 | |
537 total
» units
| Peasant | 9 | |
| Rifleman | 9 | |
| Goblin Shredder | 1 | |
| Mortar Team | 4 | |
23 total
» upgrades
| Gunpowder | 3 | |
| Armor | 2 | |
| Lumber Harvesting | 1 | |
| Long Rifles | 1 | |
| Fragmentation Shards | 1 | |
8 total
» buildings
| Altar of Kings | 1 | |
| Farm | 11 | |
| Barracks | 1 | |
| Blacksmith | 1 | |
| Keep | 1 | |
| Lumber Mill | 2 | |
| Workshop | 2 | |
| Castle | 1 | |
| Arcane Vault | 1 | |
21 total
» build order
00:11 Altar of Kings
00:16 Farm
00:23 Barracks
01:06 Blacksmith
01:38 Farm
02:01 Farm
04:03 Keep
06:07 Farm
06:10 Lumber Mill
07:03 Workshop
07:06 Workshop
08:14 Castle
08:40 Lumber Mill
09:04 Farm
09:05 Farm
09:07 Farm
09:09 Farm
09:13 Farm
09:16 Farm
09:21 Farm
09:43 Arcane Vault

»
soxyescubsno (
teal | 70 APM | 998 actions | 14:20)
3 Priestess of the Moon
1 Scout
2 Trueshot Aura
» actions
| Assign group hotkey | 23 | |
| Basic commands | 49 | |
| Build / train | 82 | |
| Enter build submenu | 19 | |
| Enter hero's abilities submenu | 3 | |
| Right click | 520 | |
| Select / deselect | 243 | |
| Select group hotkey | 16 | |
| Use ability | 43 | |
998 total
» units
| Wisp | 20 | |
| Huntress | 24 | |
| Hippogryph | 13 | |
| Druid of the Claw | 7 | |
64 total
» upgrades
| Strength of the Wild | 2 | |
| Druid of the Claw Training | 2 | |
4 total
» buildings
| Altar of Elders | 1 | |
| Moon Well | 5 | |
| Hunter's Hall | 1 | |
| Ancient of War | 2 | |
| Ancient Protector | 1 | |
| Tree of Ages | 3 | |
| Tree of Life | 1 | |
| Ancient of Wind | 2 | |
| Ancient of Lore | 2 | |
| Tree of Eternity | 3 | |
21 total
» build order
00:03 Altar of Elders
00:06 Moon Well
01:18 Hunter's Hall
01:44 Moon Well
02:07 Ancient of War
02:32 Ancient of War
02:55 Moon Well
04:42 Ancient Protector
06:03 Tree of Ages
06:03 Tree of Ages
06:04 Tree of Ages
08:11 Tree of Life
08:26 Ancient of Wind
08:27 Ancient of Wind
08:28 Ancient of Lore
08:38 Ancient of Lore
08:46 Moon Well
09:50 Tree of Eternity
09:50 Tree of Eternity
09:50 Tree of Eternity
11:33 Moon Well
The-Damned (
blue | 40 APM | 577 actions | 14:20)
3 Lich
2 Frost Nova
1 Dark Ritual
» actions
| Assign group hotkey | 5 | |
| Basic commands | 5 | |
| Build / train | 40 | |
| Enter build submenu | 14 | |
| Enter hero's abilities submenu | 3 | |
| Remove unit from queue | 1 | |
| Right click | 356 | |
| Select / deselect | 118 | |
| Select group hotkey | 5 | |
| Use ability | 30 | |
577 total
» units
| Acolyte | 4 | |
| Ghoul | 6 | |
| Crypt Fiend | 12 | |
| Obsidian Statue | 2 | |
24 total
» upgrades
| Creature Carapace | 1 | |
| Web | 1 | |
| Creature Attack | 1 | |
3 total
» buildings
| Ziggurat | 7 | |
| Altar of Darkness | 1 | |
| Crypt | 1 | |
| Tomb of Relics | 1 | |
| Graveyard | 1 | |
| Nerubian Tower | 3 | |
| Halls of the Dead | 1 | |
| Sacrificial Pit | 1 | |
| Slaughterhouse | 1 | |
| Black Citadel | 1 | |
18 total
» build order
00:08 Ziggurat
00:12 Altar of Darkness
00:41 Crypt
00:52 Tomb of Relics
01:12 Graveyard
01:35 Ziggurat
01:54 Nerubian Tower
02:12 Ziggurat
03:06 Nerubian Tower
06:38 Halls of the Dead
07:06 Ziggurat
07:25 Ziggurat
08:29 Nerubian Tower
09:04 Sacrificial Pit
09:09 Slaughterhouse
10:01 Ziggurat
11:34 Black Citadel
13:28 Ziggurat
» items
| Dust of Appearance | 2 | |
| Rod of Necromancy | 1 | |
3 total

»
cheken (
pink | 42 APM | 609 actions | 14:20)
2 Dreadlord
1 Vampiric Aura
1 Sleep
» actions
| Basic commands | 9 | |
| Build / train | 37 | |
| Enter build submenu | 20 | |
| Enter hero's abilities submenu | 2 | |
| Right click | 363 | |
| Select / deselect | 158 | |
| Use ability | 20 | |
609 total
» units
| Acolyte | 2 | |
| Ghoul | 10 | |
| Crypt Fiend | 7 | |
| Frost Wyrm | 4 | |
23 total
» upgrades
| Unholy Strength | 1 | |
| Cannibalize | 1 | |
| Unholy Armor | 1 | |
| Burrow | 1 | |
| Creature Carapace | 1 | |
| Web | 1 | |
| Freezing Breath | 1 | |
| Creature Attack | 1 | |
8 total
» buildings
| Altar of Darkness | 1 | |
| Ziggurat | 8 | |
| Crypt | 1 | |
| Graveyard | 2 | |
| Nerubian Tower | 1 | |
| Halls of the Dead | 1 | |
| Black Citadel | 1 | |
| Sacrificial Pit | 1 | |
| Boneyard | 2 | |
18 total
» build order
00:15 Altar of Darkness
00:25 Ziggurat
00:40 Crypt
01:09 Graveyard
01:14 Graveyard
01:27 Nerubian Tower
03:03 Halls of the Dead
03:22 Ziggurat
03:47 Ziggurat
05:37 Black Citadel
07:19 Sacrificial Pit
08:29 Boneyard
08:52 Boneyard
09:20 Ziggurat
10:24 Ziggurat
10:25 Ziggurat
12:20 Ziggurat
13:19 Ziggurat
Chat log
(00:08 / All) afghanlish: siciliano
(00:13 / All) teelo: guys is it true that diablo 3 is a terrible game?
(00:20 / All) afghanlish: kindaa :P
(00:33 / All) The-Damned: yes
(00:33 / All) afghanlish: i mean wtf i waited for a big improvement
(00:35 / All) afghanlish: not a small one
(00:43 / All) afghanlish: i hope they make wc4 good ...
(00:47 / Allies) teelo: oj up for some duo-BM harassment?
(00:57 / Allies) afghanlish: u alraedy know :_)
(01:11 / Allies) YouMadBra: lets rush]
(01:14 / Allies) afghanlish: na
(01:25 / All) The-Damned: behind
(01:35 / Allies) teelo: R.U.S.H. = Rally 3. Upgrade hall. Sissy attack. Head home.
(01:50 / Allies) teelo: what
(02:07 / Allies) teelo: orange
(02:10 / Allies) teelo: hy would you do that
(02:14 / Allies) teelo: you dont get any XP for that
(02:21 / Allies) afghanlish: LOL
(02:29 / Allies) afghanlish: just fucking arnd
(02:31 / Allies) teelo: 404: "LOL" not found
(02:41 / Allies) afghanlish: suck my dick found
(02:46 / Allies) afghanlish: an d i got slippers
(02:47 / Allies) afghanlish: :D
(03:27 / Allies) afghanlish: send me one
(03:28 / Allies) afghanlish: heal
(03:40 / All) GOKU-OWNS-PICOL: i am a homosexual
(03:45 / Allies) afghanlish: same
(03:46 / Allies) afghanlish: units
(03:55 / Allies) teelo: forget him
(03:57 / Allies) teelo: too much defense
(04:03 / Allies) teelo: told you
(04:04 / Allies) afghanlish: fuck
(05:11 / Allies) YouMadBra: u ok
(05:16 / Allies) afghanlish: help
(05:37 / Allies) afghanlish: help
(05:39 / Allies) YouMadBra: omw
(06:03 / Allies) afghanlish: back to towers
(06:04 / Allies) afghanlish: towers
(06:13 / Allies) afghanlish: BACK TO TOWERS
(06:15 / Allies) afghanlish: I HAVE 3
(06:24 / Allies) afghanlish: bacvk
(06:25 / Allies) afghanlish: back
(06:25 / Allies) afghanlish: back
(06:49 / Allies) afghanlish: dl
(06:50 / Allies) afghanlish: dl
(07:20 / Allies) YouMadBra: gold me red
(07:22 / Allies) GOKU-OWNS-PICOL: who needs gold
(07:26 / Allies) YouMadBra: me
(07:32 / Allies) YouMadBra: ty
(07:59 / Allies) afghanlish: lol
(08:05 / Allies) YouMadBra: wood red please
(08:24 / Allies) YouMadBra: wood please
(08:45 / Allies) afghanlish: wood me or som shit
(09:08 / Allies) YouMadBra: i need wood bad i got chims
(09:14 / Allies) afghanlish: kk
(09:48 / Allies) afghanlish: lumber me for hall
(09:52 / Allies) teelo: why do you keep pinging there
(10:03 / Allies) afghanlish: yeloow wtf
(10:07 / Allies) afghanlish: ur taking both mines?
(10:07 / Allies) teelo: WHAT
(10:13 / Allies) teelo: no?
(10:40 / Allies) afghanlish: lumber me if u have
(10:43 / Allies) YouMadBra: wood
(10:58 / Allies) afghanlish: steal there item
(10:58 / Allies) afghanlish: item
(11:58 / Allies) teelo: frosts
(12:05 / Allies) afghanlish: bats cming]
(12:10 / Allies) afghanlish: yellow get units
(12:13 / Allies) afghanlish: not tier 1 fuck..
(12:20 / Allies) afghanlish: fuck
(12:22 / Allies) teelo: stop telling me what to do
(12:27 / Allies) teelo: or I will town portal to your hall and kill it
(12:37 / Allies) afghanlish: u can kill me?
(12:40 / Allies) afghanlish: bro i got towers and air units
(12:42 / Allies) afghanlish: ill fucking rape u
(12:51 / Allies) teelo: lets find out
(12:56 / Allies) afghanlish: stop
(12:59 / Allies) afghanlish: stop
(13:05 / Allies) teelo: apologize
(13:07 / Allies) afghanlish: sorry
(13:11 / Allies) afghanlish: sorry
(13:11 / Allies) teelo: tough shit
(13:13 / Allies) YouMadBra: yellow stop wtf
(13:14 / Allies) teelo: welcome to random team
(13:18 / Allies) YouMadBra: please
(13:19 / Allies) teelo: dont be a dick to your team
(13:26 / Allies) afghanlish: dont bro
(13:30 / Allies) YouMadBra: ur the bigger dick right now yuellow stop
(13:36 / Allies) YouMadBra: stop
(14:07 / Allies) afghanlish: red
(14:07 / Allies) afghanlish: stop
(14:09 / Allies) afghanlish: he killed me
(14:10 / Allies) afghanlish: fuck
(14:10 / Allies) afghanlish: red
(14:11 / Allies) afghanlish: red
(14:11 / Allies) GOKU-OWNS-PICOL: DIE ORANGE
(14:12 / Allies) afghanlish: stop
(14:14 / Allies) GOKU-OWNS-PICOL: DIE ORANGE